MID
DELMARVA SHOREBIRDS @ HICKORY CRAWDADS
07/15/2047
 
TOP OF THE 1ST
Delmarva Shorebirds batting - Pitching for Hickory Crawdads : LHP Jordan Ruiz
Pitching: LHP Jordan Ruiz
Batting: LHB Shane Free 0-0: Fly out, F4 (Line Drive, 4, EV 70.0 MPH)
Batting: RHB Ben Sutton 0-0: Called Strike
0-1: Ball
1-1: Called Strike
1-2: Ground out 1-3 (Groundball, 13, EV 73.8 MPH)
Batting: LHB Tomas de Zeeuw 0-0: Ground out 3-1 (Groundball, 34, EV 86.9 MPH)
Top of the 1st over - 0 runs, 0 hits, 0 errors, 0 left on base; Delmarva 0 - Hickory 0
BOTTOM OF THE 1ST
Hickory Crawdads batting - Pitching for Delmarva Shorebirds : LHP Jason Williams
Pitching: LHP Jason Williams
Batting: RHB Sean Neuroth 0-0: Ground out 5-3 (Groundball, 56S, EV 86.9 MPH)
Batting: RHB Nate Taylor 0-0: Foul Ball, location: 2F
0-1: SOLO HOME RUN (Flyball, 9D, EV 98.1 MPH), Distance : 384 ft
Batting: RHB Jorge Benites 0-0: Swinging Strike
0-1: Foul Ball, location: 2F
0-2: Ball
1-2: Strikes out swinging
Batting: RHB Aaron Ware 0-0: Ball
1-0: Ball
2-0: SINGLE (Groundball, 5D, EV 106.2 MPH)
Batting: RHB Dale Aubrey 0-0: Ball
1-0: Called Strike
1-1: Ball
2-1: Fielders Choice at 2nd, 6-4 (Groundball, 6, EV 95.0 MPH)
Bottom of the 1st over - 1 run, 2 hits, 0 errors, 1 left on base; Delmarva 0 - Hickory 1
TOP OF THE 2ND
Delmarva Shorebirds batting - Pitching for Hickory Crawdads : LHP Jordan Ruiz
Batting: SHB Jorge Brito 0-0: Ball
1-0: Ball
2-0: SOLO HOME RUN (Flyball, 8LXD, EV 114.4 MPH), Distance : 482 ft
Batting: RHB Jeremy Sipe 0-0: Ball
1-0: Foul Ball, location: 2F
1-1: Swinging Strike
1-2: Ball
2-2: Strikes out swinging
Batting: RHB Dave Perron 0-0: Called Strike
0-1: Swinging Strike
0-2: Ball
1-2: Ball
2-2: Strikes out swinging
Batting: LHB Eric Jackson 0-0: Ball
1-0: Ball
2-0: Foul Ball, location: 2F
2-1: Ball
3-1: Called Strike
3-2: Strikes out swinging
Top of the 2nd over - 1 run, 1 hit, 0 errors, 0 left on base; Delmarva 1 - Hickory 1
BOTTOM OF THE 2ND
Hickory Crawdads batting - Pitching for Delmarva Shorebirds : LHP Jason Williams
Batting: LHB Justin Barker 0-0: Ball
1-0: Ball
2-0: Called Strike
2-1: Foul Ball, location: 2F
2-2: Strikes out swinging
Batting: LHB Alfonso Collazo 0-0: Ball
1-0: Foul Ball, location: 2F
1-1: Called Strike
1-2: Ground out 4-3 (Groundball, 4, EV 89.4 MPH)
Batting: LHB Dave Doughty 0-0: Called Strike
0-1: Hit by Pitch
Batting: RHB Gavin Fimple 0-0: Ball
1-0: Foul Ball, location: 2F
1-1: Ball
Dave Doughty steals 2nd base
2-1: Swinging Strike
2-2: Ball
3-2: Fly out, F8 (Flyball, 89M, EV 90.0 MPH)
Bottom of the 2nd over - 0 runs, 0 hits, 0 errors, 1 left on base; Delmarva 1 - Hickory 1
TOP OF THE 3RD
Delmarva Shorebirds batting - Pitching for Hickory Crawdads : LHP Jordan Ruiz
Batting: SHB Jared Boyce 0-0: Called Strike
0-1: TRIPLE (Line Drive, 89XD, EV 100.0 MPH)
Batting: RHB Lee Deason 0-0: Foul Ball, location: 2F
0-1: Ball
1-1: Ball
2-1: Swinging Strike
2-2: Ball
3-2: Fly out, F7 (Line Drive, 78S, EV 93.8 MPH)
Batting: LHB Shane Free 0-0: Swinging Strike
0-1: Fly out, F8 (Flyball, 8RD, EV 89.4 MPH)
Batting: RHB Ben Sutton 0-0: Fly out, F8 (Flyball, 8LD, EV 103.8 MPH)
Top of the 3rd over - 0 runs, 1 hit, 0 errors, 1 left on base; Delmarva 1 - Hickory 1
BOTTOM OF THE 3RD
Hickory Crawdads batting - Pitching for Delmarva Shorebirds : LHP Jason Williams
Batting: RHB Sean Neuroth 0-0: Ball
1-0: Ball
2-0: Called Strike
2-1: Fly out, F9 (Line Drive, 89M, EV 95.6 MPH)
Batting: RHB Nate Taylor 0-0: Ball
1-0: Fly out, F8 (Flyball, 8LXD, EV 80.0 MPH)
Batting: RHB Jorge Benites 0-0: Foul Ball, location: 2F
0-1: Foul Ball, location: 2F
0-2: Ball
1-2: Foul Ball, location: 2F
1-2: Strikes out looking
Bottom of the 3rd over - 0 runs, 0 hits, 0 errors, 0 left on base; Delmarva 1 - Hickory 1
TOP OF THE 4TH
Delmarva Shorebirds batting - Pitching for Hickory Crawdads : LHP Jordan Ruiz
Batting: LHB Tomas de Zeeuw 0-0: Ball
1-0: Called Strike
1-1: Ball
2-1: Foul Ball, location: 2F
2-2: Ball
3-2: Strikes out swinging
Batting: SHB Jorge Brito 0-0: Called Strike
0-1: Ball
1-1: Swinging Strike
1-2: Strikes out looking
Batting: RHB Jeremy Sipe 0-0: Ball
1-0: Foul Ball, location: 2F
1-1: Foul Ball, location: 2F
1-2: Ball
2-2: Ball
3-2: Ground out 5-3 (Groundball, 56S, EV 81.2 MPH)
Top of the 4th over - 0 runs, 0 hits, 0 errors, 0 left on base; Delmarva 1 - Hickory 1
BOTTOM OF THE 4TH
Hickory Crawdads batting - Pitching for Delmarva Shorebirds : LHP Jason Williams
Batting: RHB Aaron Ware 0-0: Fly out, F8 (Flyball, 89M, EV 97.5 MPH)
Batting: RHB Dale Aubrey 0-0: Called Strike
0-1: Ball
1-1: Swinging Strike
1-2: Fly out, F9 (Flyball, 9, EV 82.5 MPH)
Batting: LHB Justin Barker 0-0: Ball
1-0: Foul Ball, location: 2F
1-1: Ball
2-1: Foul Ball, location: 2F
2-2: Ball
3-2: SINGLE (Groundball, 4MS, EV 71.2 MPH) (infield hit)
Batting: LHB Alfonso Collazo 0-0: Fly out, F8 (Flyball, 78M, EV 74.4 MPH)
Bottom of the 4th over - 0 runs, 1 hit, 0 errors, 1 left on base; Delmarva 1 - Hickory 1
TOP OF THE 5TH
Delmarva Shorebirds batting - Pitching for Hickory Crawdads : LHP Jordan Ruiz
Batting: RHB Dave Perron 0-0: Foul Ball, location: 2F
0-1: Ball
1-1: Foul Ball, location: 2F
1-2: Ball
2-2: Ball
3-2: Foul Ball, location: 2F
3-2: Foul Ball, location: 2F
3-2: Fly out, F9 (Flyball, 89M, EV 87.5 MPH)
Batting: LHB Eric Jackson 0-0: Ball
1-0: Ball
2-0: Foul Ball, location: 2F
2-1: Hit by Pitch
Batting: SHB Jared Boyce 0-0: Ball
1-0: Ball
2-0: Ball
3-0: Called Strike
3-1: DOUBLE (Line Drive, 7LS, EV 89.4 MPH)
Eric Jackson to third
Batting: RHB Lee Deason 0-0: SINGLE (Groundball, 56D, EV 96.2 MPH)
Eric Jackson scores
Jared Boyce to third
Batting: LHB Shane Free 0-0: Ball
1-0: Ball
2-0: Called Strike
2-1: Ball
3-1: Fly out, F8 (Flyball, 8RM, EV 95.6 MPH)
Batting: RHB Ben Sutton 0-0: Ball
1-0: Foul Ball, location: 2F
1-1: Called Strike
1-2: Ball
2-2: Foul Ball, location: 2F
2-2: Fly out, F8 (Flyball, 89M, EV 91.9 MPH)
Top of the 5th over - 1 run, 2 hits, 0 errors, 2 left on base; Delmarva 2 - Hickory 1
BOTTOM OF THE 5TH
Hickory Crawdads batting - Pitching for Delmarva Shorebirds : LHP Jason Williams
Batting: LHB Dave Doughty 0-0: Ball
1-0: Called Strike
1-1: Called Strike
1-2: Ball
2-2: Ball
3-2: Strikes out swinging
Batting: RHB Gavin Fimple 0-0: Called Strike
0-1: Swinging Strike
0-2: Foul Ball, location: 2F
0-2: Ball
1-2: SINGLE (Groundball, 6D, EV 103.1 MPH)
Batting: RHB Sean Neuroth 0-0: Ball
1-0: Called Strike
1-1: Ball
Pickoff Throw to First - Out! 1-3 CS
2-1: Ground out 5-3 (Groundball, 56S, EV 69.4 MPH)
Bottom of the 5th over - 0 runs, 1 hit, 0 errors, 0 left on base; Delmarva 2 - Hickory 1
TOP OF THE 6TH
Delmarva Shorebirds batting - Pitching for Hickory Crawdads : LHP Jordan Ruiz
Batting: LHB Tomas de Zeeuw 0-0: Called Strike
0-1: Ground out 4-3 (Groundball, 34D, EV 103.1 MPH)
Batting: SHB Jorge Brito 0-0: Ball
1-0: Ball
2-0: Called Strike
2-1: Ball
3-1: Foul Ball, location: 2F
3-2: Strikes out swinging
Batting: RHB Jeremy Sipe 0-0: Called Strike
0-1: Foul Ball, location: 2F
0-2: Ball
1-2: Strikes out swinging
Top of the 6th over - 0 runs, 0 hits, 0 errors, 0 left on base; Delmarva 2 - Hickory 1
BOTTOM OF THE 6TH
Hickory Crawdads batting - Pitching for Delmarva Shorebirds : LHP Jason Williams
Batting: RHB Nate Taylor 0-0: Ball
1-0: Ball
2-0: Called Strike
2-1: Foul Ball, location: 2F
2-2: Ground out 6-3 (Groundball, 6, EV 101.9 MPH)
Batting: RHB Jorge Benites 0-0: Called Strike
0-1: Ground out U3 (Groundball, 34S, EV 92.5 MPH)
Batting: RHB Aaron Ware 0-0: DOUBLE (Line Drive, 89XD, EV 111.2 MPH)
Batting: RHB Dale Aubrey 0-0: Called Strike
0-1: Ball
1-1: Foul Ball, location: 2F
1-2: Ball
2-2: Fly out, F8 (Line Drive, 8LM, EV 99.4 MPH)
Bottom of the 6th over - 0 runs, 1 hit, 0 errors, 1 left on base; Delmarva 2 - Hickory 1
TOP OF THE 7TH
Delmarva Shorebirds batting - Pitching for Hickory Crawdads : LHP Jordan Ruiz
Batting: RHB Dave Perron 0-0: Called Strike
0-1: Called Strike
0-2: Ball
1-2: Ball
2-2: Strikes out swinging
Batting: LHB Eric Jackson 0-0: Foul Ball, location: 2F
0-1: Foul Ball, location: 2F
0-2: Ball
1-2: Ball
2-2: Foul Ball, location: 2F
2-2: Foul Ball, location: 2F
2-2: SINGLE (Line Drive, 7LS, EV 105.0 MPH)
Pitching: LHP Valery Sahanov
Batting: SHB Jared Boyce 0-0: Ball
Eric Jackson steals 2nd base
1-0: Foul Ball, location: 2F
1-1: Swinging Strike
1-2: Strikes out swinging
Batting: RHB Lee Deason 0-0: Ball
1-0: Called Strike
1-1: Ball
2-1: Swinging Strike
2-2: Foul Ball, location: 2F
2-2: Ball
3-2: Ground out 5-3 (Groundball, 56S, EV 63.8 MPH)
Top of the 7th over - 0 runs, 1 hit, 0 errors, 1 left on base; Delmarva 2 - Hickory 1
BOTTOM OF THE 7TH
Hickory Crawdads batting - Pitching for Delmarva Shorebirds : LHP Jason Williams
Batting: LHB Justin Barker 0-0: Called Strike
0-1: Called Strike
0-2: Foul Ball, location: 2F
0-2: Strikes out swinging
Batting: LHB Alfonso Collazo 0-0: Ball
1-0: Foul Ball, location: 2F
1-1: Ball
2-1: Foul Ball, location: 2F
2-2: Ball
3-2: Ground out 4-3 (Groundball, 4, EV 78.1 MPH)
Batting: LHB Dave Doughty 0-0: Swinging Strike
0-1: Foul Ball, location: 2F
0-2: Ball
1-2: Fly out, F9 (Flyball, 9S, EV 83.1 MPH)
Bottom of the 7th over - 0 runs, 0 hits, 0 errors, 0 left on base; Delmarva 2 - Hickory 1
TOP OF THE 8TH
Delmarva Shorebirds batting - Pitching for Hickory Crawdads : LHP Valery Sahanov
Pinch Hitting: RHB Steve Jones 0-0: DOUBLE (Groundball, 5L, EV 109.4 MPH)
Batting: RHB Ben Sutton 0-0: Intentional Walk
Pinch Hitting: SHB Brian Bentz 0-0: 3-RUN HOME RUN (Flyball, 7D, EV 99.4 MPH), Distance : 401 ft
Pitching: RHP Taylor Drews
Batting: SHB Jorge Brito 0-0: Ball
1-0: Swinging Strike
1-1: Ball
2-1: Fly out, F8 (Flyball, 8RD, EV 85.6 MPH)
Batting: RHB Jeremy Sipe 0-0: DOUBLE (Groundball, 5L, EV 107.5 MPH)
Batting: RHB Dave Perron 0-0: Called Strike
0-1: Foul Ball, location: 2F
0-2: Fly out, F8 (Flyball, 8LXD, EV 103.1 MPH)
Runner from 2nd tags up, SAFE at 3rd, no throw by CF
Batting: LHB Eric Jackson 0-0: Fly out, F8 (Flyball, 78M, EV 97.5 MPH)
Top of the 8th over - 3 runs, 3 hits, 0 errors, 1 left on base; Delmarva 5 - Hickory 1
BOTTOM OF THE 8TH
Hickory Crawdads batting - Pitching for Delmarva Shorebirds : LHP Jason Williams
Pitching: RHP Dou-guan Ti
Now at SS: Francisco Viera
Now in LF: Antonio Gamez
Now in RF: Miguel Medina
Batting: RHB Gavin Fimple 0-0: Ball
1-0: Swinging Strike
1-1: Foul Ball, location: 2F
1-2: Ball
2-2: Fly out, F4 (Popup, 34S, EV 76.2 MPH)
Batting: RHB Sean Neuroth 0-0: Ground out U3 (Groundball, 3L, EV 90.6 MPH)
Batting: RHB Nate Taylor 0-0: Called Strike
0-1: Ball
1-1: Ball
2-1: SINGLE (Line Drive, 6M, EV 100.6 MPH)
Batting: RHB Jorge Benites 0-0: Called Strike
0-1: Foul Ball, location: 2F
0-2: Ball
1-2: Strikes out looking
Bottom of the 8th over - 0 runs, 1 hit, 0 errors, 1 left on base; Delmarva 5 - Hickory 1
TOP OF THE 9TH
Delmarva Shorebirds batting - Pitching for Hickory Crawdads : RHP Taylor Drews
Batting: SHB Jared Boyce 0-0: Called Strike
0-1: Foul Ball, location: 2F
0-2: Ball
1-2: Strikes out swinging
Batting: RHB Lee Deason 0-0: Called Strike
0-1: Ground out 4-3 (Groundball, 4, EV 86.2 MPH)
Batting: RHB Francisco Viera 0-0: Called Strike
0-1: Ball
1-1: Ball
2-1: Hit by Pitch
Batting: RHB Ben Sutton 0-0: Foul Ball, location: 2F
0-1: Called Strike
Francisco Viera steals 2nd base
0-2: Foul Ball, location: 2F
0-2: Ball
1-2: Ball
2-2: Foul Ball, location: 2F
2-2: Ball
3-2: Strikes out swinging
Top of the 9th over - 0 runs, 0 hits, 0 errors, 1 left on base; Delmarva 5 - Hickory 1
BOTTOM OF THE 9TH
Hickory Crawdads batting - Pitching for Delmarva Shorebirds : RHP Dou-guan Ti
Batting: RHB Aaron Ware 0-0: Ball
1-0: Ball
2-0: Ball
3-0: Called Strike
3-1: Called Strike
3-2: Ground out 5-3 (Groundball, 56, EV 84.4 MPH)
Batting: RHB Dale Aubrey 0-0: Ball
1-0: Swinging Strike
1-1: Swinging Strike
1-2: Ball
2-2: Ball
3-2: Fly out, F7 (Flyball, 7LS, EV 94.4 MPH)
Batting: LHB Justin Barker 0-0: Ground out 4-3 (Groundball, 4, EV 83.8 MPH)
Bottom of the 9th over - 0 runs, 0 hits, 0 errors, 0 left on base; Delmarva 5 - Hickory 1
Thursday, December 15th , 2022 - OOTP Baseball 23.9 Build 102